 Dungeon Crawl Stone Soup version 0.31-a0-506-g3d79149578 (webtiles) character file.

Game seed: 17240842546400212807

347 GordonOverkill the Sneak (level 6, -10/42 HPs)
             Began as an Octopode Delver on Aug 9, 2023.
             Splashed by a jelly's acid (12 damage)
             ... on level 5 of the Dungeon.
             The game lasted 00:08:46 (2077 turns).

GordonOverkill the Sneak (Octopode Delver)          Turns: 2077, Time: 00:08:46

Health: -10/42     AC: -3    Str: 11    XL:     6   Next: 59%
Magic:  10/10      EV: 13    Int: 15    God:
Gold:   68         SH:  0    Dex: 13    Spells: 10/11 levels left

rFire   . . .        a - +0 short sword
rCold   . . .        (no shield)
rNeg    . . .        (helmet restricted)
rPois   .            (no amulet)
rElec   .            (no ring)
rCorr   .            (no ring)
SInv    .            (no ring)
Will    .....        (no ring)
Stlth   ++++         (no ring)
HPRegen 0.27/turn    (no ring)
MPRegen 0.12/turn    (no ring)
                     (no ring)

%: no passive effects
@: corroded
A: almost no armour, amphibious, 8 rings, camouflage 1, gelatinous body 1,
(nimble swimmer 1), tentacles
a: no special abilities


You were on level 5 of the Dungeon.
You visited 1 branch of the dungeon, and saw 6 of its levels.
You also visited: Bailey.

You collected 68 gold pieces.

Inventory:

Hand Weapons
 a - a +0 short sword (weapon)
 c - a +0 spear
 l - a +0 halberd
Missiles
 e - a boomerang (quivered)
Wands
 f - a wand of digging (3)
 h - a wand of roots (6)
Scrolls
 b - a scroll of fog
 d - a scroll of fear
 g - 2 scrolls of identify {unknown}
 k - a scroll of amnesia {unknown}
 n - a scroll of enchant weapon {unknown}
Potions
 i - a potion of heal wounds {unknown}
 j - a potion of brilliance {unknown}
 m - a potion of haste


   Skills:
 - Level 3.0 Fighting
 - Level 2.0 Short Blades
 + Level 0.1 Throwing
 - Level 2.0 Dodging
 - Level 6.6 Stealth
 + Level 3.2 Spellcasting
 - Level 2.0 Hexes
 - Level 5.0 Evocations


You had 10 spell levels left.
You knew the following spells:

 Your Spells              Type           Power      Damage    Failure   Level
a - Slow                  Hex            32%        N/A       9%          1

Your spell library contained the following spells:

 Spells                   Type           Power      Damage    Failure   Level
 Confusing Touch          Hex            8%         N/A       26%         3
 Vampiric Draining        Necr           2%         2d6       52%         3


Dungeon Overview and Level Annotations

Branches:
Dungeon (10/15)            Bailey (visited)
 Temple: D:4-7         Lair: D:8-11         Orc: D:9-12

Altars:

Annotations:
D:5 Eustachio


Innate Abilities, Weirdness & Mutations

You cannot wear most types of armour.
You are amphibious.
You can wear up to eight rings at the same time.
Your skin changes colour to match your surroundings (Stealth+).
Your rubbery body absorbs attacks. (AC +1, EV +1)
((You are camouflaged when in or above water. (Stealth+)))
You have tentacles for arms and can constrict up to eight enemies at once.


Message History

There is a stone staircase leading up here.
Okay, then.
Eustachio is nearby!
Unknown command.
Unknown command.
Found a leather armour.
Found 3 scrolls labelled LUTREZ JECEISA.
A jelly comes into view.
A jelly is nearby!
An orc comes into view.
It is wielding a +0 short sword. 3 orcs come into view.
The orc shouts! x2
The jelly quivers.
You barely miss the phantom. The jelly hits you.
You are splashed with acid!
The phantom hits you.
* * * LOW HITPOINT WARNING * * *
You are too injured to fight recklessly!
You are too injured to fight recklessly!
The phantom hits you.
* * * LOW HITPOINT WARNING * * *
The phantom attacks as you move away!
The phantom hits you but does no damage.
You hit the jelly.
Your tentacles burn!
* * * LOW HITPOINT WARNING * * *
You squeeze the jelly!
The jelly is severely wounded.
You hit the jelly. The acid corrodes you!
Your tentacles burn!
* * * LOW HITPOINT WARNING * * *
The jelly is almost dead.
The jelly hits you.
* * * LOW HITPOINT WARNING * * *
The acid corrodes you!
You are splashed with acid!
* * * LOW HITPOINT WARNING * * *
You hit the jelly but do no damage. The acid corrodes you!
Your tentacles burn!
* * * LOW HITPOINT WARNING * * *
The jelly is almost dead.
The jelly hits you.
* * * LOW HITPOINT WARNING * * *
You are splashed with acid!
You die...

#### ##########
...############# #.........
...............# #.........
...............# #.........
#.#............# #.........
#.#............# #.........
#..............###.........
................@JW.o......
#.....).##########o........
#####...#.... ####o...##
#....>....... ....#
#.#####.#.... o..# #
..#..... ...# .... ... ##+#
.... .... .... #... ...@.
...#


You could see a phantom, a jelly and 3 orcs.

Vanquished Creatures
  5 wolf zombies (Bailey)
  2 vampire bats (Bailey)
  3 gnolls
  An adder (D:5)
  An ufetubus (D:5)
  2 orcs (D:5)
  12 orc zombies (Bailey)
26 creatures vanquished.

Notes
Turn   | Place    | Note
-------+----------+-------------------------------------------
     0 | D:5      | GordonOverkill the Octopode Delver began the quest for the
                  | Orb.
     0 | D:5      | Reached XP level 1. HP: 16/16 MP: 1/1
    28 | D:5      | Noticed a jelly
    28 | D:5      | Noticed a sleepcap
    55 | D:5      | Reached skill level 1 in Evocations
    55 | D:5      | Reached XP level 2. HP: 17/21 MP: 2/2
   102 | D:5      | Reached XP level 3. HP: 23/26 MP: 3/3
   205 | D:5      | Noticed a phantom
   221 | D:5      | Noticed an ice beast
   248 | D:5      | Learned a level 1 spell: Slow
   354 | D:7      | Found a flagged portal.
   440 | D:10     | Entered Level 10 of the Dungeon
   467 | D:10     | Noticed an acid dragon
   513 | D:8      | Noticed a water moccasin
   538 | Bailey   | Entered a bailey
   752 | Bailey   | Reached skill level 1 in Spellcasting
   752 | Bailey   | Reached skill level 1 in Hexes
   752 | Bailey   | Reached XP level 4. HP: 31/31 MP: 3/5
   761 | Bailey   | Reached XP level 5. HP: 36/36 MP: 4/7
  1403 | Bailey   | Reached skill level 5 in Evocations
  1403 | Bailey   | Reached XP level 6. HP: 42/42 MP: 9/9
  1869 | Bailey   | Noticed a gargoyle
  2002 | D:5      | Noticed Eustachio
  2077 | D:5      | HP: 2/42 [jelly (2)]
  2077 | D:5      | Splashed by a jelly's acid

Illustrated notes

Levels and vault maps discovered:
D:5:      layout_basic, chequers_temple_overflow_statue_of_worship,
          minmay_temple_entry_grid, uniq_crazy_yiuf_cottage, uniq_eustachio,
          uniq_blork_the_orc
D:6:      layout_cave_pools, nicolae_overflow_hidden_temple, serial_undead,
          serial_undead_b, serial_undead_f, serial_undead_f, serial_undead_a
D:7:      layout_gridville, okawaru_altar_gauntlet_db, serial_shops,
          nicolae_shop_pleasant_corner_grove, enter_bailey_6, uniq_joseph
D:8:      layout_loops_ring, ebering_dispersal_statue_hall
D:9:      layout_roguey, uniq_pikel, uniq_harold, uniq_erica
D:10:     layout_loops_corners, trog_hazing_becter

Skill      XL: |  1  2  3  4  5  6 |
---------------+-------------------+-----
Evocations     | 1 3 4 5 |  5.0
Spellcasting   | 1 2 3 |  3.2
Hexes          | 1 2 |  2.0
Fighting       | |  3.0
Short Blades   | |  2.0
Throwing       | |  0.1
Dodging        | |  2.0
Stealth        | |  6.6

Action                     |  1- 3 |  4- 6 || total
---------------------------+-------+-------++-------
  Melee: Short sword       |    17 |     6 ||    23
         Tentacles         |     6 |     4 ||    10
         Constrict         |     4 |     8 ||    12
         Halberd           |    15 |   106 ||   121
         Spear             |     3 |       ||     3
         Punch             |     1 |       ||     1
  Evoke: Wand              |     2 |       ||     2
    Use: Scroll            |     1 |       ||     1
         Potion            |       |     1 ||     1
   Stab: Sleeping          |     3 |     3 ||     6
         Distracted        |       |     2 ||     2
 Armour: Skin              |     2 |     4 ||     6
  Dodge: Dodged            |    15 |    43 ||    58

Table legend: (Time is in decaauts)
 A = Elapsed time spent in this place.
 B = Non-inter-level travel time spent in this place.
 C = Inter-level travel time spent in this place.
 D = Time resting spent in this place.
 E = Time spent auto-exploring this place.
 F = Levels seen in this place.
 G = Mean time per level.
                   A        B        C        D        E       F      G
               +--------+--------+--------+--------+--------+-----+--------+
         Total |   2115 |   2115 |      0 |    687 |      0 |   7 |  302.1 |
       Dungeon |    722 |    722 |      0 |    110 |      0 |   6 |  120.3 |
        Bailey |   1393 |   1393 |      0 |    577 |      0 |   1 | 1393.0 |
               +--------+--------+--------+--------+--------+-----+--------+

Top non-repeatable levels by time:
  Bailey: 1393 daAuts
     D:5: 275 daAuts
     D:6: 219 daAuts
     D:9: 85 daAuts
     D:7: 79 daAuts
     D:8: 32 daAuts
    D:10: 29 daAuts
